 Dungeon Crawl Stone Soup version 0.29-a0-490-g77b3608bb8 (webtiles) character file.

Game seed: 2915307725501927670

17 happo123 the Sneak (level 2, -2/16 HPs)
             Began as a Kobold Enchanter on May 26, 2022.
             Slain by a kobold
             ... wielding a +0 whip
              (4 damage)
             ... on level 1 of the Dungeon.
             The game lasted 00:02:16 (929 turns).

happo123 the Sneak (Kobold Enchanter)                Turns: 929, Time: 00:02:18

Health: -2/16      AC:  2    Str:  5    XL:     2   Next: 80%
Magic:  0/5        EV: 15    Int: 16    God:
Gold:   40         SH:  0    Dex: 15    Spells: 3/5 levels left

rFire   . . .      SeeInvis .   a - +1 dagger
rCold   . . .      Faith    .   (no shield)
rNeg    . . .      Spirit   .   b - +0 robe
rPois   .          Reflect  .   (no helmet)
rElec   .          Harm     .   (no cloak)
rCorr   .          Rampage  .   (no gloves)
Will    .....                   (no boots)
Stlth   ++++......              (no amulet)
HPRegen 0.05/turn               (no ring)
MPRegen 0.09/turn               (no ring)

@: no status effects
A: small, no large weapons, nightstalker 3
a: no special abilities


You were on level 1 of the Dungeon.
You visited 1 branch of the dungeon, and saw 1 of its levels.

You collected 40 gold pieces.

Inventory:

Hand Weapons
 a - a +1 dagger (weapon)
Armour
 b - a +0 robe (worn)
Potions
 c - 2 potions of invisibility
 d - a potion of lignification {unknown}
 e - a potion of heal wounds {unknown}


   Skills:
 + Level 0.4 Fighting
 + Level 1.7 Short Blades
 + Level 2.6 Dodging
 + Level 4.2 Stealth
 + Level 2.4 Spellcasting
 * Level 3.3 Hexes


You had 3 spell levels left.
You knew the following spells:

 Your Spells              Type           Power      Damage    Failure   Level
a - Ensorcelled Hibernat  Hex/Ice        14%        N/A       16%         2

Your spell library contained the following spells:

 Spells                   Type           Power      Damage    Failure   Level
 Confusing Touch          Hex            12%        N/A       16%         3
 Tukima's Dance           Hex            12%        N/A       16%         3
 Dazzling Flash           Conj/Hex       14%        N/A       30%         3


Dungeon Overview and Level Annotations

Branches:
Dungeon (1/15)

Altars:


Innate Abilities, Weirdness & Mutations

You are small and have problems with some larger weapons.
You are completely attuned to the shadows.


Message History

Found an escape hatch in the floor.
A kobold comes into view.
It is wielding a +0 whip and wearing a +2 robe of positive energy.
The hobgoblin shouts!
The kobold shouts!
The hobgoblin attacks as you move away! The hobgoblin completely misses you.
The kobold misses you. The kobold attacks as you move away!
The kobold misses you. The kobold attacks as you move away!
The kobold completely misses you. The kobold attacks as you move away!
The kobold hits you but does no damage. The hobgoblin attacks as you move away!
The hobgoblin misses you.
Aiming: Ensorcelled Hibernation (safe; 16% risk of failure)
Press: ? - help, Q - select action Shift-Dir - straight line, f - kobold
Aim: a kobold, wielding a +0 whip, wearing a +2 robe of positive energy and wearing a +4 ring of protection (chance to affect: 58%)
The kobold resists with significant effort.
The kobold hits you with a +0 whip.
Aiming: Ensorcelled Hibernation (safe; 16% risk of failure)
Press: ? - help, Q - select action Shift-Dir - straight line, f/p - kobold
Aim: a kobold, wielding a +0 whip, wearing a +2 robe of positive energy and wearing a +4 ring of protection (chance to affect: 58%)
You miscast Ensorcelled Hibernation.
You are very lightly contaminated with residual magic.
Nothing appears to happen.
The kobold closely misses you.
You hit the kobold but do no damage. The kobold hits you with a +0 whip.
You hit the kobold but do no damage. The kobold closely misses you.
You hit the kobold but do no damage. The kobold hits you with a +0 whip.
You closely miss the kobold. The kobold closely misses you.
You closely miss the kobold. The kobold hits you with a +0 whip.
* * * LOW HITPOINT WARNING * * *
You hit the kobold but do no damage. The kobold closely misses you.
You barely miss the kobold. The kobold misses you.
Your magical contamination has completely faded away.
You closely miss the kobold. The kobold completely misses you.
You closely miss the kobold. You barely miss the kobold. The kobold misses you.
You closely miss the kobold. The kobold barely misses you.
Aiming: Ensorcelled Hibernation (safe; 16% risk of failure)
Press: ? - help, Q - select action Shift-Dir - straight line, f/p - kobold
Aim: a kobold, wielding a +0 whip, wearing a +2 robe of positive energy and wearing a +4 ring of protection (chance to affect: 58%)
The kobold resists with significant effort.
The kobold hits you with a +0 whip.
You die...

...#....... ......... ...........
......... .......##... #...=...
####### ...#........ ###.......
#≈≈≈≈≈≈ ...#........
...........#≈#≈### .............
.##.........#≈#≈<≈#
..........................#≈≈≈≈≈≈
...............###........####'##
..##............@Kg....... #..#
.................####..... ###.#
#.(##........##...###..... #....
##...........###........PP ...##.
####..........###.##.....P ... ##
# ##..........##...#...... P. #.
###................#...... #.
.)............#........... #.
.###............###.#. #.


You could see a hobgoblin and a kobold.

Vanquished Creatures
  2 endoplasms (D:1)
  3 goblins (D:1)
  4 jackals (D:1)
  A ball python (D:1)
  A bat (D:1)
  2 frilled lizards (D:1)
  3 kobolds (D:1)
16 creatures vanquished.

Notes
Turn   | Place    | Note
-------+----------+-------------------------------------------
     0 | D:1      | happo123 the Kobold Enchanter began the quest for the Orb.
     0 | D:1      | Reached XP level 1. HP: 10/10 MP: 3/3
   175 | D:1      | Reached XP level 2. HP: 15/15 MP: 5/5
   178 | D:1      | Learned a level 2 spell: Ensorcelled Hibernation
   929 | D:1      | Slain by a kobold

Illustrated notes

Levels and vault maps discovered:
D:1:      ncdulo_wetmaze, layout_rooms, serial_park_tiny_2,
          minmay_misc_feat_room

Action                   || total
-------------------------++-------
Melee: Dagger            ||    64
 Cast: Ensorcelled Hiber ||     9
 Stab: Sleeping          ||     6
Armor: Robe              ||    13
Dodge: Dodged            ||    73

Table legend: (Time is in decaauts)
 A = Elapsed time spent in this place.
 B = Non-inter-level travel time spent in this place.
 C = Inter-level travel time spent in this place.
 D = Time resting spent in this place.
 E = Time spent auto-exploring this place.
 F = Levels seen in this place.
 G = Mean time per level.
                   A        B        C        D        E       F      G
               +--------+--------+--------+--------+--------+-----+--------+
         Total |    927 |    922 |      5 |    456 |    295 |   1 |  927.0 |
       Dungeon |    927 |    922 |      5 |    456 |    295 |   1 |  927.0 |
               +--------+--------+--------+--------+--------+-----+--------+

Top non-repeatable levels by time:
     D:1: 927 daAuts
